Map: Écho EC (Void)

Players

Döppelganger - Winner!

  • Race: Protoss Protoss
  • Spawn Location: 5:00

BoléroS

  • Race: Terran Terran
  • League: Platinum
  • Spawn Location: 11:00

VOD

Have the link to the VOD?

Description

Time

  • Played on: Dec. 9, 2016, 3:50 p.m.
  • Length: 17:29
Show
View Real Time Build Order
Export as new Build Order

Döppelganger Protoss - Winner!

Build Orders:  

Get SALT Encoding   

  12  0:01  Probe (Chrono Boost)  
  13  0:11  Probe (Chrono Boost)  
  14  0:21  Pylon  
  14  0:22  Probe (Chrono Boost)  
  15  0:39  Probe (Chrono Boost)  
  15  0:42  Gateway  
  16  0:49  Probe (Chrono Boost)  
  17  0:50  Assimilator  
  17  1:00  Probe (Chrono Boost)  
  18  1:11  Probe (Chrono Boost)  
  19  1:21  Probe (Chrono Boost)  
  20  1:31  Cybernetics Core  
  20  1:34  Probe (Chrono Boost)  
  21  1:53  Nexus  
  21  1:56  Pylon  
  21  1:57  Pylon  
  21  2:07  Warp Gate (Chrono Boost)  
  21  2:10  Stalker  
  23  2:23  Assimilator  
  23  2:24  Probe  
  24  2:36  Probe  
  25  2:38  Gateway  
  25  2:48  Mothership Core  
  27  2:51  Zealot  
  29  3:09  Probe  
  30  3:16  Probe  
  31  3:22  Probe  
  31  3:26  Pylon  
  31  3:27  Probe  
  32  3:28  Sentry, Stalker  
  32  3:34  Probe  
  38  3:37  Probe  
  39  3:46  Probe  
  39  3:48  Probe  
  41  3:57  Twilight Council  
  41  3:58  Probe x2, Stalker  
  44  4:07  Pylon  
  44  4:10  Probe  
  45  4:20  Adept  
  45  4:22  Probe  
  46  4:38  Probe  
  46  4:39  Probe  
  46  4:42  Assimilator  
  46  4:43  Pylon  
  46  4:44  Assimilator, Adept x2  
  52  4:48  Probe  
  52  4:51  Probe  
  52  4:52  Resonating Glaives (Chrono Boost)  
  54  4:54  Pylon  
  54  5:07  Probe, Gateway  
  54  5:08  Probe, Gateway  
  56  5:20  Pylon  
  56  5:21  Adept  
  56  5:22  Adept  
  56  5:27  Robotics Facility  
  60  5:29  Probe  
  60  5:34  Probe  
  62  5:35  Forge  
  62  5:36  Pylon  
  62  5:40  Pylon  
  62  5:43  Probe  
  62  5:46  Stalker  
  62  5:47  Adept  
  66  6:06  Adept x2  
  66  6:07  Adept  
  70  6:22  Adept  
  72  6:26  Immortal (Chrono Boost)  
  72  6:29  Adept x3  
  82  6:33  Probe  
  82  6:34  Probe  
  82  6:35  Protoss Ground Weapons Level 1 (Chrono Boost)  
  82  6:36  Phoenix  
  82  6:38  Photon Cannon  
  84  6:40  Photon Cannon  
  84  6:48  Probe x2  
  84  6:49  Photon Cannon  
  84  6:50  Adept  
  88  7:10  Observer (Chrono Boost)  
  88  7:12  Stalker  
  88  7:13  Stalker  
  93  7:19  Pylon  
  93  7:30  Nexus  
  93  7:32  Pylon  
  93  7:35  Probe  
  93  7:36  Pylon  
  94  7:37  Probe  
  94  7:38  Immortal (Chrono Boost)  
  94  7:44  Forge  
  99  7:47  Probe  
  99  7:51  Probe  
  101  7:55  Photon Cannon  
  101  7:59  Photon Cannon, Probe  
  101  8:03  Probe  
  103  8:07  Adept  
  103  8:08  Adept x2  
  109  8:18  Pylon  
  109  8:20  Pylon  
  109  8:23  Blink, Gateway  
  109  8:26  Gateway  
  109  8:28  Probe  
  110  8:40  Immortal  
  114  8:49  Protoss Ground Weapons Level 2 (Chrono Boost), Protoss Ground Armor Level 1 (Chrono Boost)  
  114  8:54  Probe  
  114  8:55  Probe  
  116  9:02  Assimilator  
  116  9:04  Assimilator  
  116  9:05  Probe  
  116  9:07  Photon Cannon, Probe  
  118  9:10  Pylon  
  118  9:11  Photon Cannon  
  118  9:21  Robotics Bay  
  118  9:26  Robotics Facility  
  118  9:27  Pylon  
  118  9:30  Probe x2  
  120  9:40  Pylon  
  120  9:41  Stalker x3  
  120  9:42  Pylon  
  120  9:44  Immortal  
  130  10:03  Nexus  
  130  10:08  Photon Cannon  
  130  10:09  Probe x3  
  130  10:13  Extended Thermal Lance  
  133  10:18  Colossus  
  139  10:32  Pylon  
  139  10:35  Pylon  
  139  10:46  Adept x3  
  139  10:47  Adept x3  
  131  11:02  Protoss Ground Weapons Level 3 (Chrono Boost)  
  131  11:04  Protoss Ground Armor Level 2 (Chrono Boost)  
  131  11:05  Colossus (Chrono Boost)  
  131  11:10  Photon Cannon  
  137  11:12  Colossus (Chrono Boost)  
  137  11:13  Pylon  
  143  11:22  Adept x2  
  143  11:23  Adept x2  
  151  11:26  Charge  
  151  11:30  Probe  
  152  11:34  Assimilator  
  152  11:38  Assimilator  
  152  11:55  Nexus, Zealot x2  
  152  11:56  Zealot x3  
  152  11:58  Sentry  
  164  12:08  Mothership Core  
  166  12:51  Pylon x2  
  166  12:53  Pylon  
  166  12:54  Pylon  
  166  12:56  Pylon  
  166  12:57  Adept x2  
  166  12:58  Pylon, Adept x4  
  174  13:00  Disruptor (Chrono Boost), Pylon  
  174  13:01  Colossus (Chrono Boost)  
  174  13:02  Assimilator  
  187  13:08  Assimilator  
  163  13:39  Colossus (Chrono Boost)  
  163  13:40  Adept x3  
  163  13:41  Adept x3  
  157  13:48  Colossus (Chrono Boost)  
  123  14:11  Adept x4  
  123  14:12  Adept x2  
  135  14:22  Photon Cannon  
  135  14:25  Photon Cannon, Protoss Ground Armor Level 3  
  135  14:26  Observer (Chrono Boost)  
  135  14:29  Photon Cannon, Observer Gravitic Boosters  
  136  14:32  Photon Cannon  
  136  14:33  Dark Shrine  
  136  14:34  Observer (Chrono Boost)  
  136  14:35  Templar Archives  
  137  14:39  Gateway  
  137  14:40  Gateway  
  137  14:42  Gateway  
  137  14:45  Gateway  
  137  15:01  Colossus (Chrono Boost)  
  137  15:06  Colossus (Chrono Boost)  
  149  15:12  Probe  
  149  15:13  Probe  
  149  15:14  Probe x3  
  153  15:19  Adept x3  
  160  15:26  Sentry  
  160  15:27  Sentry x2  
  166  15:42  Gateway, High Templar x3  
  172  15:49  Psionic Storm  
  161  16:16  High Templar x6, Colossus (Chrono Boost)  
  161  16:17  High Templar  
  161  16:18  Colossus (Chrono Boost)  
  163  17:21  Adept  
Show
View Real Time Build Order
Export as new Build Order

BoléroS Terran 

Build Orders: MMM Bio 

Get SALT Encoding   

  12  0:01  SCV  
  13  0:14  SCV  
  14  0:21  Supply Depot  
  14  0:26  SCV  
  15  0:43  SCV  
  15  0:45  Barracks  
  16  0:50  Refinery  
  16  0:55  SCV  
  17  1:07  SCV  
  18  1:19  SCV  
  20  1:34  Orbital Command  
  20  1:36  Reaper  
  20  1:52  Command Center  
  20  2:05  SCV, Barracks  
  20  2:06  Barracks  
  21  2:09  Barracks  
  21  2:21  Supply Depot  
  21  2:23  Marine  
  22  2:47  Marine  
  22  2:52  Marine  
  22  2:53  Marine  
  24  3:05  Marine  
  25  3:08  SCV  
  25  3:10  Marine x2  
  28  3:18  Marine  
  28  3:20  SCV  
  28  3:23  Marine  
  30  3:28  Marine  
  30  3:34  Refinery  
  31  3:42  Supply Depot  
  31  3:44  Supply Depot  
  31  3:48  Barracks Reactor  
  31  3:50  Barracks Reactor, Barracks Tech Lab  
  31  3:52  Barracks Reactor  
  31  4:03  SCV  
  32  4:11  Marauder  
  32  4:13  Stimpack  
  32  4:16  SCV  
  35  4:24  Marine  
  35  4:25  Marine  
  35  4:28  SCV  
  38  4:31  Marine  
  38  4:34  Marine x2  
  38  4:35  Marine x2  
  39  4:40  SCV  
  39  4:42  Marine  
  39  4:43  Marine  
  41  4:49  Supply Depot, Marine  
  41  4:50  Supply Depot  
  41  4:52  Marine x3, SCV  
  41  4:53  Marine  
  44  5:00  Marine  
  44  5:01  Marine  
  46  5:07  Marine  
  46  5:11  Marine x2  
  49  5:15  SCV  
  52  5:27  SCV  
  58  5:39  Command Center  
  58  5:42  Marine x3  
  53  5:43  Marine x3  
  57  5:50  Supply Depot  
  57  5:59  SCV  
  58  6:05  Supply Depot  
  58  6:07  Marine x5  
  58  6:11  SCV  
  61  6:13  Combat Shields  
  57  6:26  Command Center  
  57  6:40  SCV  
  58  6:52  SCV  
  58  6:53  Supply Depot  
  59  7:00  Orbital Command  
  59  7:04  SCV  
  60  7:08  Bunker  
  60  7:16  SCV  
  60  7:22  Refinery x2  
  61  7:25  Factory  
  61  7:28  SCV  
  62  7:40  Orbital Command  
  62  7:50  Engineering Bay  
  62  7:52  Engineering Bay  
  62  7:55  Marine x3  
  62  7:56  Marauder, Marine x2  
  69  8:01  Orbital Command  
  69  8:12  Starport  
  69  8:16  Factory Reactor  
  69  8:19  Marine x2  
  73  8:20  Marauder, Marine x4  
  77  8:33  SCV  
  78  8:34  SCV x2  
  80  8:45  SCV  
  80  8:46  SCV  
  82  8:51  Command Center  
  82  8:59  Concussive Shells  
  82  9:04  Medivac x2  
  82  9:07  SCV x3  
  89  9:11  Refinery  
  89  9:12  Refinery  
  89  9:19  SCV x3  
  92  9:24  Ghost Academy  
  93  9:31  SCV x3  
  93  9:34  Medivac x2  
  99  9:43  SCV x3  
  102  9:50  Terran Infantry Weapons Level 1  
  102  9:51  Terran Infantry Armor Level 1  
  102  9:55  Supply Depot, SCV x3  
  102  9:56  Supply Depot  
  102  9:57  Personal Cloaking  
  102  9:58  Supply Depot  
  105  10:01  Marauder, Marine x6  
  105  10:05  Medivac x2  
  117  10:07  SCV x2  
  117  10:08  SCV  
  117  10:12  Orbital Command  
  120  10:19  Marine x2  
  120  10:21  Supply Depot  
  122  10:22  Marauder  
  124  10:32  Marine x3  
  124  10:33  Marine  
  128  10:36  Marine x2  
  129  10:44  Marauder  
  127  10:50  Marine x4  
  127  10:54  Marine  
  110  11:04  Marine  
  110  11:05  Marauder  
  110  11:08  Marine x4  
  117  11:12  Marine, Barracks  
  117  11:15  Barracks  
  117  11:16  Barracks  
  117  11:17  Barracks  
  118  11:18  Barracks  
  118  11:22  Barracks  
  118  11:26  Marauder  
  118  11:30  Marine x5  
  118  11:31  Marine  
  126  11:33  Medivac x2  
  126  11:35  Orbital Command  
  130  11:43  Supply Depot  
  130  11:44  Command Center  
  130  11:46  Supply Depot  
  130  11:47  Marine  
  130  11:48  Marauder, Marine x5  
  138  12:00  Barracks Tech Lab  
  138  12:02  Barracks Tech Lab  
  138  12:03  Barracks Tech Lab  
  138  12:04  Barracks Tech Lab  
  138  12:05  Barracks Tech Lab  
  132  12:09  Marauder, Barracks Tech Lab  
  132  12:10  Marine x3  
  132  12:11  Marine x3  
  132  12:15  SCV x4  
  144  12:27  SCV x4  
  144  12:28  Marine  
  149  12:31  Marauder  
  149  12:33  Ghost  
  149  12:34  Ghost x4  
  149  12:35  Ghost  
  163  12:39  SCV x4  
  167  12:51  Ghost, SCV x2  
  168  12:58  Orbital Command  
  171  13:02  Ghost x5  
  171  13:03  Ghost  
  182  13:20  Ghost  
  179  13:30  Ghost  
  179  13:31  Ghost x4  
  179  13:32  Ghost  
  111  13:53  Marauder, Marine x4  
  111  13:54  Marine x2  
  105  14:00  Marauder x4, Marine  
  105  14:01  Marine  
  101  14:11  Marine x6, Orbital Command  
  101  14:13  Marine  
  101  14:14  Refinery x2  
  108  14:18  Marine  
  109  14:25  SCV x2  
  109  14:26  Marauder x2  
  109  14:27  Marauder x3  
  121  14:32  Marauder  
  121  14:36  Marauder  
  125  14:43  Marine x5  
  130  14:48  Marauder x4  
  138  14:56  Armory  
  138  14:59  Marauder x3, Marine  
  145  15:00  Marine  
  146  15:19  SCV x3  
  149  15:21  Refinery  
  149  15:28  Marauder x3  
  155  15:29  Orbital Command  
  155  15:31  SCV x3  
  158  15:43  SCV x3  
  161  15:55  SCV  
Tags
 
Composition
MMM Bio
League
Platinum
Matchup
PvT
Spawn Locations
Cross Positions
Add a new tag
Caveats
  • Supply blocks, unpowered buildings, or Contaminate may cause inaccurate times.
  • Supply counts are checked every 10 seconds.